 Dungeon Crawl Stone Soup version 0.17-a0-1534-gf98da79 (webtiles) character file.

100 urechis the Conjurer (level 4, -1/24 HPs)
             Began as a Gargoyle Wizard on July 17, 2015.
             Slain by Crazy Yiuf
             ... wielding a +2 quarterstaff of chaos
              (2 damage)
             ... on level 3 of the Dungeon.
             The game lasted 00:08:32 (2698 turns).

urechis the Conjurer (Gargoyle Wizard)              Turns: 2698, Time: 00:08:32

Health: -1/24      AC:  5    Str: 10    XL:     4   Next: 73%
Magic:  12/17      EV: 11    Int: 20    God:
Gold:   25         SH:  0    Dex:  8    Spells: 1 memorised, 8 levels left

rFire  . . .     SeeInvis .     a - +3 blowgun
rCold  . . .     Clarity  .     r - +0 robe
rNeg   + . .     SustAt   .     (no shield)
rPois  ∞         Gourm    .     g - +0 hat
rElec  +         Spirit   .     (no cloak)
rCorr  .         Warding  .     (no gloves)
rMut   .         Stasis   .     (no boots)
MR     .....                    (no amulet)
Stlth  ++........               (no ring)
                                l - ring of magical power

@: not resistant to hostile enchantments, unstealthy
A: negative energy resistance 1, electricity resistance, unbreathing,
petrification resistance, rot immunity, AC +3
a: no special abilities


You were on level 3 of the Dungeon.
You were not hungry.

You visited 1 branch of the dungeon, and saw 3 of its levels.

You collected 25 gold pieces.

Inventory:

Hand weapons
 a - a +3 blowgun (weapon)
 b - a +0 short sword
Missiles
 v - 22 poisoned needles (quivered)
Armour
 g - a +0 hat (worn)
 o - a +0 buckler
 r - a +0 robe (worn)
Jewellery
 l - a ring of magical power (left hand)
Scrolls
 e - a scroll of teleportation
 h - a scroll of blinking
 k - a scroll of magic mapping
 n - a scroll of enchant weapon
Potions
 i - a potion of haste
 j - a potion of curing {unknown}
 m - a potion of cancellation {unknown}
 q - a potion of might {unknown}
 s - a potion of experience {unknown}
 t - a potion of magic {unknown}
 x - a potion of ambrosia {unknown}
Books
 c - a book of Minor Magic

   Spells                             Type                      Level
   a - Magic Dart                     Conjuration                  1
   b - Blink                          Translocation                2
   c - Call Imp                       Summoning                    2
   d - Repel Missiles                 Charms/Air                   2
   e - Slow                           Hexes                        2
   f - Conjure Flame                  Conjuration/Fire             3
   g - Mephitic Cloud                 Conjuration/Poison/Air       3
Comestibles
 d - 3 bread rations
 f - a meat ration
 p - a beef jerky


   Skills:
 - Level 1.5 Dodging
 - Level 2.1 Stealth
 - Level 3.0 Spellcasting
 + Level 4.8 Conjurations
   Level 0.8 Summonings
   Level 0.8 Translocations


You had 8 spell levels left.
You knew the following spells:

 Your Spells              Type           Power        Failure   Level  Hunger
a - Magic Dart            Conj           ###.         1%          1    None


Dungeon Overview and Level Annotations

Branches:
Dungeon (3/15)

Altars:
Xom

Annotations:
D:3 Crazy Yiuf


Innate Abilities, Weirdness & Mutations

You are resistant to torment.
Your stone body is resilient (AC +3).
You are immune to poison.
You resist negative energy.
You are resistant to electric shocks.
You can survive without breathing.
You are immune to petrification.
You are immune to rotting.


Message History

Aiming: Magic Dart
Press: ? - help, Shift-Dir - straight line, f/p - Crazy Yiuf
Aim: Crazy Yiuf, wielding a quarterstaff of chaos and wearing a cloak (moderately wounded, poisoned)
The magic dart hits Crazy Yiuf.
Crazy Yiuf is severely wounded.
Crazy Yiuf hits you with a quarterstaff of chaos!
Ouch! That really hurt!
Crazy Yiuf burns you.
* * * LOW HITPOINT WARNING * * *
Casting: Magic Dart
Confirm with . or Enter, or press ? or * to list all spells.
Aiming: Magic Dart
Press: ? - help, Shift-Dir - straight line, f/p - Crazy Yiuf
Aim: Crazy Yiuf, wielding a quarterstaff of chaos and wearing a cloak (severely wounded, poisoned)
The magic dart hits Crazy Yiuf.
Crazy Yiuf is severely wounded.
Crazy Yiuf hits you with a quarterstaff of chaos.
* * * LOW HITPOINT WARNING * * *
Crazy Yiuf freezes you.
You die...

####### #########
......#
#######.......####
.######
#@#...######......
...####
#(g#......####..####
......#
.'.#####.....##...#
## .)†...# ...#
#..#.......###.
...##.# ##
####..........#
......# #######.###.
.#†.#.# #######.####
......########
###.....<....#
##..##.##....#
#..######.##.#


You could see Crazy Yiuf.

Vanquished Creatures
  2 gnolls (D:2)
  2 adders
  An ooze (D:2)
  A worm (D:3)
  2 giant geckos
  2 orcs
  2 ball pythons
  3 giant cockroaches (D:3)
  5 goblins (D:1)
  7 hobgoblins
  6 jackals (D:2)
  8 kobolds
  7 bats
  4 giant newts
  5 rats
57 creatures vanquished.

Notes
Turn   | Place    | Note
--------------------------------------------------------------
     0 | D:1      | urechis the Gargoyle Wizard began the quest for the Orb.
     0 | D:1      | Reached XP level 1. HP: 10/10 MP: 4/4
   494 | D:1      | Reached XP level 2. HP: 15/15 MP: 0/6
  1131 | D:1      | Reached XP level 3. HP: 19/19 MP: 7/7
  1169 | D:2      | Found a shimmering altar of Xom.
  1433 | D:2      | Reached skill level 4 in Conjurations
  1512 | D:2      | Reached XP level 4. HP: 24/24 MP: 8/8
  2687 | D:3      | Noticed Crazy Yiuf
  2698 | D:3      | HP: 1/24 [Crazy Yiuf/quarterstaff of chaos (4)]
  2698 | D:3      | Slain by Crazy Yiuf

Vault maps used:
D:1:      evilmike_arrival_crescent
D:2:      first_bread, tgw_xom
D:3:      uniq_crazy_yiuf_cottage

Action                   |  1- 3 |  4- 6 || total
-------------------------+-------+-------++-------
Melee: Unarmed           |    15 |       ||    15
       Short sword       |    19 |    13 ||    32
 Fire: Blowgun           |       |     4 ||     4
 Cast: Magic Dart        |    58 |    67 ||   125
  Use: Scroll            |       |     6 ||     6
  Eat: Chunk             |     2 |     3 ||     5
